 Dungeon Crawl Stone Soup version 0.30-a0-12-gd8047c6341 (webtiles) character file.

Game seed: 4060783522747872444

1437 timneilson the Shield-Bearer (level 8, -15/49 HPs)
             Began as a Gargoyle Fighter on Aug 24, 2022.
             Was a Follower of Okawaru.
             Demolished by an ogre
             ... wielding a +0 giant club
              (22 damage)
             ... on level 6 of the Dungeon.
             The game lasted 00:09:07 (6923 turns).

timneilson the Shield-Bearer (Gargoyle Fighter)     Turns: 6923, Time: 00:09:08

Health: -15/49     AC: 20    Str: 23    XL:     8   Next: 74%
Magic:  9/9        EV:  9    Int:  8    God:    Okawaru [*.....]
Gold:   310        SH:  7    Dex: 15    Spells: 7/7 levels left

rFire   . . .      SeeInvis +    a - +1 long sword
rCold   + . .      Faith    .    c - +1 buckler
rNeg    + . .      Spirit   .    v - +0 chain mail
rPois   ∞          Reflect  .    f - +2 helmet {SInv}
rElec   +          Harm     .    (no cloak)
rCorr   .          Rampage  .    (no gloves)
Will    .....                    m - +0 pair of boots
Stlth   ..........               (no amulet)
HPRegen 0.16/turn                r - ring of protection from cold
MPRegen 0.11/turn                w - +6 ring of dexterity

@: no status effects
A: sickness immunity, AC +5, negative energy resistance 1, electricity
resistance, torment resistance 1, petrification resistance
a: Renounce Religion, Heroism


You were on level 6 of the Dungeon.
You worshipped Okawaru.
Okawaru was aware of your devotion.
You visited 1 branch of the dungeon, and saw 6 of its levels.

You collected 310 gold pieces.

Inventory:

Hand Weapons
 a - a +1 long sword (weapon)
Armour
 c - a +1 buckler (worn)
 f - a +2 helmet of see invisible (worn)
 m - a +0 pair of boots (worn)
 v - a +0 chain mail (worn)
Jewellery
 h - a ring of ice
 r - a ring of protection from cold (left hand)
 w - a +6 ring of dexterity (right hand)
Wands
 n - a wand of paralysis (17)
 q - a wand of mindburst (16)
Scrolls
 d - 3 scrolls of enchant armour
 k - a scroll of blinking
 l - 2 scrolls of identify
 t - a scroll of enchant weapon
 u - a scroll of torment {unknown}
Potions
 b - a potion of berserk rage {unknown}
 e - 2 potions of heal wounds {unknown}
 g - 2 potions of mutation
 i - a potion of brilliance {unknown}
 j - 2 potions of resistance {unknown}
 o - 3 potions of curing
 p - a potion of attraction {unknown}
 s - a potion of lignification {unknown}
 x - a potion of haste {unknown}


   Skills:
 + Level 5.0 Fighting
 * Level 4.9 Long Blades
 * Level 6.4 Armour
 + Level 2.7 Dodging
 * Level 6.4 Shields
 + Level 1.9 Invocations
 + Level 1.4 Evocations


You had 7 spell levels left.
You didn't know any spells.
Your spell library contained the following spells:

 Spells                   Type           Power      Damage    Failure   Level
 Beastly Appendage        Tmut           0%         N/A       98%         1
 Ensorcelled Hibernation  Hex/Ice        0%         N/A       99%         2
 Wereblood                Tmut           0%         N/A       99%         2
 Frozen Ramparts          Ice            0%         1d1       100%        3
 Spider Form              Tmut/Pois      0%         N/A       100%        3
 Ice Form                 Ice/Tmut       0%         N/A       100%        4
 Summon Small Mammal      Summ           Unusable   N/A       N/A         1
 Call Canine Familiar     Summ           Unusable   N/A       N/A         3
 Summon Guardian Golem    Hex/Summ       Unusable   N/A       N/A         3
 Simulacrum               Ice/Necr       Unusable   N/A       N/A         6

Dungeon Overview and Level Annotations

Branches:
Dungeon (6/15)
 Temple: D:4-7

Altars:
Fedhas
Hepliaklqana
Kikubaaqudgha
Okawaru
Trog

Shops:
D:5 *

Portals:
Abyss: D:3

Annotations:
D:3 2 transporters, ytrimaz's ghost, amateur OpTm


Innate Abilities, Weirdness & Mutations

You are immune to sickness and miasma.
Your stone body is resilient. (AC +5)
You are immune to poison.
You resist negative energy. (rN+)
You are resistant to electric shocks. (rElec)
You are resistant to unholy torment.
You are immune to petrification.


Message History

You slash the ogre!
The ogre is almost dead.
The ogre hits you but does no damage.
You slash the ogre!
You kill the ogre!
Okawaru accepts your kill.
You see here a +0 giant spiked club.
An iguana comes into view.
The iguana hisses angrily.
You hit the iguana but do no damage. The iguana barely misses you.
You hit the iguana.
The iguana is heavily wounded.
The iguana bites you!
You slash the iguana!
You kill the iguana!
Okawaru accepts your kill.
Your Fighting skill increases to level 5!
You see here an iguana corpse.
You see here 5 stones.
An ogre comes into view. It is wielding a +0 giant club.
The ogre shouts!
You hit the ogre.
The ogre is moderately wounded.
The ogre closely misses you.
You slash the ogre!
The ogre is heavily wounded.
The ogre hits you with a +0 giant club!!
You hit the ogre.
The ogre is severely wounded.
The ogre hits you with a +0 giant club!!
* * * LOW HITPOINT WARNING * * *
You hit the ogre but do no damage.
The ogre is severely wounded.
The ogre barely misses you.
You hit the ogre.
The ogre is severely wounded.
You hit the ogre.
The ogre is almost dead.
The ogre hits you with a +0 giant club!!
You die...

#.....###.........##
#.#.#.# ##.......##
#.###.# ##.....##
##. #.# ##...## ..
..# ##'## #. ### #.#
###.###########.#
#...O.........#.##
#.#.#@#.#####....##
#.......###.....####
###.#....(........).
...###.###.#.#.####
###.........###.#
#####....†....#
###########


You could see an ogre.

Vanquished Creatures
  An ice beast (D:6)
  3 black bears
  An ogre (D:6)
  A phantom (D:5)
  2 bullfrogs (D:6)
  A necrophage (D:5)
  A howler monkey (D:6)
  5 hounds
  A gnoll bouda (D:5)
  3 jellies (D:6)
  6 iguanas
  An orc wizard (D:5)
  12 gnolls
  5 adders
  4 dart slugs
  6 orcs
  5 ball pythons
  6 bats
  10 endoplasms
  7 giant cockroaches
  4 goblins
  6 hobgoblins
  5 quokkas
  A frilled lizard (D:1)
  6 kobolds
  A rat (D:3)
104 creatures vanquished.

Vanquished Creatures (others)
  A fungus (D:3)
1 creature vanquished.

Grand Total: 105 creatures vanquished

Notes
Turn   | Place    | Note
-------+----------+-------------------------------------------
     0 | D:1      | timneilson the Gargoyle Fighter began the quest for the
                  | Orb.
     0 | D:1      | Reached XP level 1. HP: 14/14 MP: 1/1
   203 | D:1      | Reached XP level 2. HP: 19/19 MP: 2/2
   278 | D:1      | Found a faded altar of an unknown god.
   742 | D:1      | Reached XP level 3. HP: 20/23 MP: 3/3
  2056 | D:2      | Reached XP level 4. HP: 28/28 MP: 4/4
  2558 | D:3      | Found a transporter.
  2566 | D:3      | Noticed an ancient zyme
  2653 | D:3      | Found a blossoming altar of Fedhas.
  2677 | D:3      | Noticed a kobold brigand
  2759 | D:3      | Noticed ytrimaz's ghost (amateur OpTm)
  2762 | D:3      | Noticed a small abomination
  2767 | D:3      | Found a transporter.
  2793 | D:3      | Got the Spellbook of the Iceberg
  2882 | D:3      | Found a bloodstained altar of Trog.
  3060 | D:3      | Found a one-way gate to the infinite horrors of the Abyss.
  3313 | D:3      | Found a hazy altar of Hepliaklqana.
  3454 | D:4      | Noticed a black bear
  3460 | D:4      | Killed a black bear
  3461 | D:4      | Reached skill level 1 in Dodging
  3461 | D:4      | Reached XP level 5. HP: 32/33 MP: 5/5
  3655 | D:4      | Reached XP level 6. HP: 37/38 MP: 6/6
  4387 | D:5      | Entered Level 5 of the Dungeon
  4398 | D:5      | Found an ancient bone altar of Kikubaaqudgha.
  4472 | D:5      | Reached skill level 5 in Shields
  4486 | D:5      | Noticed a black bear
  4512 | D:5      | Killed a black bear
  4513 | D:5      | Reached skill level 5 in Armour
  4513 | D:5      | Reached XP level 7. HP: 31/43 MP: 7/7
  5372 | D:5      | Found an iron altar of Okawaru.
  5383 | D:5      | Became a worshipper of Warmaster Okawaru
  5612 | D:5      | Found Afeud's Assorted Antiques.
  5965 | D:6      | Reached XP level 8. HP: 48/48 MP: 8/8
  6232 | D:6      | Reached skill level 1 in Invocations
  6505 | D:6      | Reached skill level 1 in Evocations
  6776 | D:6      | Reached * piety under Okawaru
  6857 | D:6      | Reached skill level 5 in Fighting
  6923 | D:6      | Demolished by an ogre

Illustrated notes

Levels and vault maps discovered:
D:1:      eino_arrival_water_star, layout_basic,
          hellmonk_ecumenical_altar_run_dry, minmay_misc_feat_room,
          corexii_leaking_fountain, interstate_on_off, minmay_3d_cube
D:2:      layout_basic
D:3:      layout_loops_cross, mainiacjoe_overflow_boulevard, lemuel_round_altar,
          worldfamousw_hep_ancestral_shrine, gammafunk_ghost_abyssal_escape,
          kennysheep_generic_room_10
D:4:      layout_loops_ring, minmay_strange_pillars
D:5:      layout_basic, kennysheep_little_box, overflow_temple_1_default,
          serial_shops, shop, kennysheep_generic_room_14
D:6:      layout_loops_corners

Skill      XL: |  1  2  3  4  5  6  7  8 |
---------------+-------------------------+-----
Long Blades    | 2 3 4 |  4.9
Shields        | 4 5 6 |  6.4
Armour         | 4 5 6 |  6.4
Dodging        | 1 2 |  2.7
Fighting       | 4 5 |  5.0
Invocations    | 1 |  1.9
Evocations     | 1 |  1.4

Action                   |  1- 3 |  4- 6 |  7- 9 || total
-------------------------+-------+-------+-------++-------
Melee: Long sword        |   125 |   195 |   225 ||   545
  Use: Scroll            |     1 |     7 |     2 ||    10
       Potion            |       |     1 |       ||     1
Armor: Scale mail        |    69 |   132 |    37 ||   238
       Chain mail        |       |       |    82 ||    82
Dodge: Dodged            |    59 |   113 |   107 ||   279
Block: Buckler           |    23 |    62 |    68 ||   153

Table legend: (Time is in decaauts)
 A = Elapsed time spent in this place.
 B = Non-inter-level travel time spent in this place.
 C = Inter-level travel time spent in this place.
 D = Time resting spent in this place.
 E = Time spent auto-exploring this place.
 F = Levels seen in this place.
 G = Mean time per level.
                   A        B        C        D        E       F      G
               +--------+--------+--------+--------+--------+-----+--------+
         Total |   7074 |   6958 |    116 |      0 |   5615 |   6 | 1179.0 |
       Dungeon |   7074 |   6958 |    116 |      0 |   5615 |   6 | 1179.0 |
               +--------+--------+--------+--------+--------+-----+--------+

Top non-repeatable levels by time:
     D:1: 1609 daAuts
     D:5: 1443 daAuts
     D:6: 1154 daAuts
     D:4: 1023 daAuts
     D:2: 961 daAuts
     D:3: 883 daAuts
